[Event "2026 European Womens Championship"]
[Site "Batumi, GE"]
[Date "2026.06.03"]
[Round "9"]
[White "Ediberidze, Alexandra"]
[Black "Saraci, Rinesa"]
[Result "0-1"]
[Board "80"]
[TimeControl "5400+30"]
[WhiteFideId "13636685"]
[BlackFideId "4701976"]
[WhiteElo "1638"]
[BlackElo "1754"]
[BlackTitle "WCM"]
[WhiteClock "0:32:38"]
[BlackClock "0:19:11"]
[Variant "Standard"]

1. e4 e5 2. Nf3 Nc6 3. Bb5 a6 4. Ba4 Nf6 5. d3 b5 6. Bb3 Bc5 7. O-O h6 8. c3 d6 9. d4 Bb6 10. h3 O-O 11. Re1 Bb7 12. d5 Ne7 13. Be3 Nd7 14. g4 Ng6 15. Nbd2 Nc5 16. Bc2 Bc8 17. Nf1 Nf4 18. Kh2 Qf6 19. Ng3 g6 20. Bxf4 Qxf4 21. Kg2 Kh8 22. Qc1 Nd7 23. Ne2 Qxc1 24. Raxc1 Nf6 25. Ng3 Bd7 26. Red1 a5 27. b3 b4 28. c4 a4 29. Ra1 Ra7 30. bxa4 Bxa4 31. Bxa4 Rxa4 32. Rab1 Rfa8 33. Rb2 Rxa2 34. Rdd2 Rxb2 35. Rxb2 Bc5 36. Ne1 Rb8 37. Rb3 Nd7 38. Nf1 Ra8 39. Nd3 Ra2 40. Kf3 Nb6 41. Ne3 Bxe3 42. fxe3 Nxc4 43. Rxb4 Nd2+ 44. Kg3 Ra3 45. Kf2 Nxe4+ 46. Rxe4 Rxd3 47. Rc4 Rxd5 48. Rxc7 Kg7 49. Rd7 Kf6 50. Ke2 e4 51. Rd8 h5 52. Re8 Re5 53. Rh8 hxg4 54. hxg4 Rg5 55. Rh4 Ke5 0-1

[Event "2026 European Womens Championship"]
[Site "Batumi, GE"]
[Date "2026.06.03"]
[Round "9"]
[White "Casadevall Mainau, Iraida"]
[Black "Diasamidze, Lulu"]
[Result "0-1"]
[Board "82"]
[TimeControl "5400+30"]
[WhiteFideId "54543142"]
[BlackFideId "13623818"]
[WhiteElo "1729"]
[BlackElo "1924"]
[WhiteClock "0:00:09"]
[BlackClock "1:30:30"]
[Variant "Standard"]

1. e4 c5 2. Nf3 e6 3. d4 cxd4 4. Nxd4 a6 5. Bd3 Nf6 6. Qe2 d5 7. e5 Nfd7 8. Nd2 Qb6 9. c3 Nc6 10. Nxc6 bxc6 11. c4 Qd4 12. Nf3 Bb4+ 13. Kf1 Qa7 14. cxd5 cxd5 15. Be3 Bc5 16. Bxc5 Qxc5 17. g3 Bb7 18. Kg2 h6 19. Rac1 Qb6 20. Rhd1 O-O 21. Kg1 f6 22. b3 fxe5 23. Nxe5 Nxe5 24. Qxe5 Qxf2+ 25. Kh1 Qf3+ 26. Kg1 d4 27. Qxe6+ Kh8 28. Qg6 Qg2# 0-1

[Event "2026 European Womens Championship"]
[Site "Batumi, GE"]
[Date "2026.06.04"]
[Round "10"]
[White "Salimova, Nurgyul"]
[Black "Vega Gutierrez, Sabrina"]
[Result "1/2-1/2"]
[Board "1"]
[TimeControl "5400+30"]
[WhiteFideId "2915138"]
[BlackFideId "2219026"]
[WhiteElo "2404"]
[BlackElo "2375"]
[WhiteTitle "IM"]
[BlackTitle "IM"]
[WhiteClock "0:26:00"]
[BlackClock "0:07:22"]
[Variant "Standard"]

1. c4 e6 2. Nf3 d5 3. e3 Nf6 4. Nc3 b6 5. cxd5 exd5 6. g3 Bb7 7. Bg2 g6 8. O-O Bg7 9. Ne2 O-O 10. d3 Na6 11. b3 Ng4 12. Rb1 c5 13. h3 Ne5 14. Nxe5 Bxe5 15. d4 cxd4 16. Nxd4 Nc5 17. Bb2 Qe7 18. h4 Ne4 19. Qd3 Rac8 20. Rfc1 Rfe8 21. Bxe4 dxe4 22. Qb5 Rcd8 23. Nc6 Bxc6 24. Qxc6 Bxb2 25. Rxb2 Rd6 26. Qc7 Qf6 27. Qc3 Re5 28. Rd2 Rc5 29. Rxd6 Rxc3 30. Rxf6 Rxc1+ 31. Kg2 Kg7 32. Rd6 Rc2 33. a4 Rb2 34. Rd4 Rxb3 35. Rxe4 h5 36. Re7 a5 37. Kf3 Kf6 38. Rb7 Rb4 39. e4 Ke5 40. Re7+ Kf6 41. Rb7 Ke5 42. Re7+ Kf6 1/2-1/2

[Event "2026 European Womens Championship"]
[Site "Batumi, GE"]
[Date "2026.06.04"]
[Round "10"]
[White "Hnatyshyn, Anastasiia"]
[Black "Roebers, Eline"]
[Result "1-0"]
[Board "2"]
[TimeControl "5400+30"]
[WhiteFideId "14198339"]
[BlackFideId "1058401"]
[WhiteElo "2207"]
[BlackElo "2389"]
[WhiteTitle "WFM"]
[BlackTitle "IM"]
[WhiteClock "0:30:05"]
[BlackClock "0:26:02"]
[Variant "Standard"]

1. e4 e6 2. d4 d5 3. Nc3 Nf6 4. e5 Nfd7 5. f4 c5 6. Nf3 Nc6 7. Be3 a6 8. Ne2 Qb6 9. Qc1 cxd4 10. Nexd4 Nxd4 11. Bxd4 Bc5 12. c3 Nb8 13. Qd2 Nc6 14. Bxc5 Qxc5 15. O-O-O b5 16. Kb1 Rb8 17. Nd4 a5 18. h4 Bd7 19. h5 b4 20. Rh3 bxc3 21. Rxc3 Qxd4 22. Qxd4 Nxd4 23. Rxd4 Ke7 24. Rc5 a4 25. Rc7 Rhc8 26. Rxc8 Rxc8 27. Rb4 Kd8 28. Bd3 g6 29. h6 Kc7 30. Kc2 Ra8 31. a3 Rf8 32. Kd2 Bc6 33. Ke3 Ra8 34. g4 Bd7 35. Kf3 Kd8 36. Kg3 Be8 37. Kh4 Ra7 38. Kg5 Ke7 39. f5 exf5 40. gxf5 Rc7 41. Rb8 gxf5 42. Bxf5 Rc1 43. Bxh7 Rg1+ 44. Kf4 Rf1+ 45. Ke3 f6 46. Bd3 Re1+ 47. Kd2 Rxe5 48. h7 Rh5 49. Rxe8+ 1-0

[Event "2026 European Womens Championship"]
[Site "Batumi, GE"]
[Date "2026.06.04"]
[Round "10"]
[White "Kulon, Klaudia"]
[Black "Narva, Mai"]
[Result "1/2-1/2"]
[Board "3"]
[TimeControl "5400+30"]
[WhiteFideId "1131044"]
[BlackFideId "4500512"]
[WhiteElo "2377"]
[BlackElo "2426"]
[WhiteTitle "IM"]
[BlackTitle "IM"]
[WhiteClock "0:07:30"]
[BlackClock "0:00:47"]
[Variant "Standard"]

1. e4 c5 2. Nf3 d6 3. d4 cxd4 4. Qxd4 Nc6 5. Bb5 a6 6. Bxc6+ bxc6 7. O-O e5 8. Qa4 Qc7 9. c4 Bd7 10. Nc3 Nf6 11. Qc2 Be7 12. c5 d5 13. Bg5 Be6 14. Rfe1 d4 15. Na4 Rb8 16. Bh4 Rb4 17. b3 Nd7 18. Qd2 Rb5 19. Bg3 Bxc5 20. Nxc5 Rxc5 21. Qxd4 f6 22. Rac1 Rxc1 23. Rxc1 c5 24. Qa4 Qd6 25. b4 O-O 26. Rd1 Qb6 27. a3 Qb5 28. Qxb5 axb5 29. Rc1 cxb4 30. axb4 Ra8 31. Ne1 Ra4 32. Rb1 Ba2 33. Rb2 Nb8 34. f4 exf4 35. Bxf4 Nc6 36. Bd6 Bc4 37. Nf3 Kf7 38. Kf2 Ra3 39. Bc5 Bd3 40. Rd2 Bxe4 41. Rd7+ Kg8 42. Nd4 Nxd4 43. Rxd4 f5 44. Rd8+ Kf7 45. Rd7+ Kf6 46. Bd4+ Ke6 47. Rxg7 f4 48. h4 Ra2+ 49. Kg1 Rd2 50. Bc5 h6 51. h5 Rc2 52. Rg8 Rd2 53. Bb6 Rd1+ 54. Kh2 Rb1 55. Bc5 Rb2 56. Kh3 Bf5+ 57. Kh2 Be4 58. Kh3 Bf5+ 59. Kh2 Be4 1/2-1/2

[Event "2026 European Womens Championship"]
[Site "Batumi, GE"]
[Date "2026.06.04"]
[Round "10"]
[White "Danielian, Elina"]
[Black "Badelka, Olga"]
[Result "0-1"]
[Board "4"]
[TimeControl "5400+30"]
[WhiteFideId "13300210"]
[BlackFideId "13509926"]
[WhiteElo "2390"]
[BlackElo "2392"]
[WhiteTitle "GM"]
[BlackTitle "IM"]
[WhiteClock "0:01:13"]
[BlackClock "0:06:06"]
[Variant "Standard"]

1. d4 d5 2. c4 e6 3. Nc3 dxc4 4. e3 a6 5. Bxc4 b5 6. Be2 Nf6 7. Bf3 Ra7 8. Nge2 c5 9. O-O Bb7 10. Nf4 Nbd7 11. Bxb7 Rxb7 12. Qf3 Qc8 13. Rd1 cxd4 14. exd4 Bd6 15. d5 Ne5 16. Qh3 b4 17. Nce2 Neg4 18. dxe6 Bc5 19. Nd3 O-O 20. Bf4 fxe6 21. Rac1 Nxf2 22. Nxf2 Ne4 23. Rxc5 Nxc5 24. Rc1 Rf5 25. Qe3 Qf8 26. h3 Rbf7 27. Ng4 Nd7 28. Qxe6 Qe7 29. Rc8+ Nf8 30. Qc4 h5 31. Rc7 Nd7 32. Rxd7 Qxd7 33. Ne5 Qc7 34. Qxc7 Rxc7 35. g4 Rxe5 36. Bxe5 Re7 0-1

[Event "2026 European Womens Championship"]
[Site "Batumi, GE"]
[Date "2026.06.04"]
[Round "10"]
[White "Ushenina, Anna"]
[Black "Khotenashvili, Bella"]
[Result "1-0"]
[Board "5"]
[TimeControl "5400+30"]
[WhiteFideId "14110911"]
[BlackFideId "13602640"]
[WhiteElo "2420"]
[BlackElo "2415"]
[WhiteTitle "GM"]
[BlackTitle "GM"]
[WhiteClock "0:07:01"]
[BlackClock "0:24:00"]
[Variant "Standard"]

1. e4 e5 2. Nf3 Nc6 3. Bb5 a6 4. Ba4 Nf6 5. Nc3 Be7 6. Bxc6 dxc6 7. d3 Nd7 8. Be3 Bb4 9. Qd2 Qe7 10. O-O O-O 11. h3 Re8 12. a3 Bd6 13. Rae1 a5 14. Nh2 b5 15. Ne2 c5 16. Ng3 Nf8 17. f4 exf4 18. Bxf4 Bxf4 19. Qxf4 Ng6 20. Qf2 f6 21. Nf3 Ne5 22. Nh4 b4 23. Re3 g6 24. Nf3 Ra6 25. axb4 cxb4 26. b3 c5 27. Kh1 Kg7 28. Ne2 Nxf3 29. Rxf3 Qe5 30. Nf4 Bb7 31. Rg3 Rf8 32. Qd2 a4 33. bxa4 Rxa4 34. Qd1 Ra6 35. Qg4 f5 36. exf5 Rxf5 37. Ne6+ Rxe6 38. Qxf5 Qxf5 39. Rxf5 Rc6 40. Rd5 Bc8 41. Rgg5 Be6 42. Rxc5 Rd6 43. Rc7+ Kf6 44. Rb5 b3 45. cxb3 h5 46. Rc3 Bf5 47. Rbc5 Rd8 48. b4 Bxd3 49. Rb3 Be4 50. Rb2 g5 51. Kg1 g4 52. hxg4 hxg4 53. Rf2+ Ke6 54. Rg5 Rd4 55. b5 Bb7 56. Kh2 Rb4 57. Kg3 1-0

[Event "2026 European Womens Championship"]
[Site "Batumi, GE"]
[Date "2026.06.04"]
[Round "10"]
[White "Fataliyeva, Ulviyya"]
[Black "Nomin-Erdene, Davaademberel"]
[Result "0-1"]
[Board "6"]
[TimeControl "5400+30"]
[WhiteFideId "13403052"]
[BlackFideId "4900782"]
[WhiteElo "2450"]
[BlackElo "2328"]
[WhiteTitle "IM"]
[BlackTitle "IM"]
[WhiteClock "0:22:17"]
[BlackClock "0:29:49"]
[Variant "Standard"]

1. Nf3 d5 2. g3 Nf6 3. Bg2 e6 4. c4 dxc4 5. Qa4+ c6 6. Qxc4 b5 7. Qb3 Bb7 8. d4 Nbd7 9. O-O a6 10. Ne5 Nxe5 11. dxe5 Nd5 12. Nc3 Be7 13. a4 O-O 14. Nxd5 exd5 15. e4 d4 16. Rd1 c5 17. axb5 axb5 18. Rxa8 Qxa8 19. Qxb5 Bxe4 20. Bf1 Qc8 21. Re1 Qf5 22. Bg2 Bxg2 23. Kxg2 h5 24. Qb7 h4 25. Qe4 h3+ 26. Kf1 Qxe4 27. Rxe4 Ra8 28. Ke2 Ra1 29. Kd1 Bd8 30. b4 Bg5 31. f4 Be7 32. b5 Rb1 33. Kc2 Rxb5 34. Bd2 f5 35. exf6 Bxf6 36. Re8+ Kf7 37. Rc8 Ke6 38. Kd3 Kd7 39. Rh8 Rb3+ 40. Kc4 Rb2 41. Ba5 Rc2+ 42. Kd3 Ra2 43. Be1 Rxh2 44. g4 Ra2 45. Kc4 h2 46. Kxc5 d3 0-1

[Event "2026 European Womens Championship"]
[Site "Batumi, GE"]
[Date "2026.06.04"]
[Round "10"]
[White "Iglesias, Yosha"]
[Black "Arabidze, Meri"]
[Result "1/2-1/2"]
[Board "7"]
[TimeControl "5400+30"]
[WhiteFideId "637823"]
[BlackFideId "13604040"]
[WhiteElo "2325"]
[BlackElo "2409"]
[WhiteTitle "FM"]
[BlackTitle "IM"]
[WhiteClock "0:30:40"]
[BlackClock "0:29:00"]
[Variant "Standard"]

1. d4 Nf6 2. Bf4 d5 3. e3 e6 4. Nd2 Bd6 5. Ngf3 O-O 6. Bd3 b6 7. Qe2 Bb7 8. O-O c5 9. c3 Qc7 10. Bxd6 Qxd6 11. Rad1 Nbd7 12. e4 dxe4 13. Nxe4 Nxe4 14. Bxe4 Bxe4 15. Qxe4 Rad8 16. Qe2 Qc7 17. g3 h6 18. Rfe1 Nf6 19. Qc4 Rd5 20. dxc5 Rxc5 21. Qe2 b5 22. Ne5 a5 23. a4 bxa4 24. Ra1 Nd7 25. Nxd7 Qxd7 26. Red1 Qb5 27. Qxb5 Rxb5 28. Rxa4 Rxb2 29. Rxa5 Rb7 30. c4 Rc7 31. c5 g5 32. Rc1 Rd8 33. c6 Kf8 34. Rc4 Ke7 35. h4 Rd5 36. Ra8 Rd6 37. hxg5 hxg5 38. Ra5 f6 39. Ra6 e5 40. f4 Ke6 41. fxe5 Kxe5 42. Rc2 Rd3 43. Kg2 Kd6 44. Rf2 Ke6 45. Re2+ Kd6 46. Rf2 Ke6 47. Re2+ 1/2-1/2

[Event "2026 European Womens Championship"]
[Site "Batumi, GE"]
[Date "2026.06.04"]
[Round "10"]
[White "Sieber, Fiona"]
[Black "Wagner, Dinara"]
[Result "1/2-1/2"]
[Board "8"]
[TimeControl "5400+30"]
[WhiteFideId "12902373"]
[BlackFideId "24157570"]
[WhiteElo "2224"]
[BlackElo "2408"]
[WhiteTitle "WGM"]
[BlackTitle "IM"]
[WhiteClock "0:38:51"]
[BlackClock "0:22:12"]
[Variant "Standard"]

1. e4 c5 2. Nf3 Nc6 3. Bb5 d6 4. O-O Bd7 5. Re1 a6 6. Bf1 e5 7. c3 Be7 8. h3 g5 9. d4 h5 10. dxe5 dxe5 11. Na3 g4 12. hxg4 hxg4 13. Nh2 Bg5 14. g3 Bxc1 15. Qxc1 b5 16. Bg2 Qf6 17. Qe3 Rc8 18. Rad1 Nge7 19. Rd2 Be6 20. Red1 Qh6 21. Qxh6 Rxh6 22. Rd6 Ng8 23. Nc2 Bxa2 24. Nxg4 Rxd6 25. Rxd6 Ke7 26. Rd2 Rd8 27. Rxd8 Kxd8 28. f4 Be6 29. Nce3 b4 30. cxb4 cxb4 31. Bf1 a5 32. Bc4 exf4 33. gxf4 Bxc4 34. Nxc4 a4 35. Kf2 Nge7 36. Nf6 Nd4 37. Ke3 Nb5 38. Kd3 a3 39. bxa3 bxa3 40. Kc2 Nc6 41. Kb3 Ncd4+ 42. Ka2 Nc2 43. Nd5 Kd7 44. Kb3 1/2-1/2

[Event "2026 European Womens Championship"]
[Site "Batumi, GE"]
[Date "2026.06.04"]
[Round "10"]
[White "Kiolbasa, Oliwia"]
[Black "Matnadze Bujiashvili, Ann"]
[Result "0-1"]
[Board "9"]
[TimeControl "5400+30"]
[WhiteFideId "1154613"]
[BlackFideId "13601377"]
[WhiteElo "2397"]
[BlackElo "2310"]
[WhiteTitle "IM"]
[BlackTitle "IM"]
[WhiteClock "0:02:04"]
[BlackClock "0:03:58"]
[Variant "Standard"]

1. e4 c5 2. Nf3 Nc6 3. d4 cxd4 4. Nxd4 Nf6 5. Nc3 d6 6. Bg5 e6 7. Qd2 Be7 8. O-O-O a6 9. Nxc6 bxc6 10. Bxf6 gxf6 11. Bc4 Qa5 12. f4 Bb7 13. Kb1 d5 14. Bb3 O-O-O 15. exd5 cxd5 16. Qd3 f5 17. Ne2 Qc7 18. Qd2 h5 19. Nd4 h4 20. Rhf1 Qb6 21. Rf3 Bb4 22. Qf2 Rd7 23. Ba4 Rc7 24. Rdd3 Bc5 25. Qd2 Qb4 26. Qxb4 Bxb4 27. Rh3 Be7 28. g3 Bf6 29. c3 Kd8 30. gxh4 Rxh4 31. Rxh4 Bxh4 32. Bd1 Bf6 33. a4 Ke7 34. a5 Rc8 35. Be2 Rh8 36. h3 Rg8 37. Kc1 Rg2 38. Kd2 Bg7 39. Rf3 Bh6 40. Ke1 Kd6 41. b4 Ke7 42. Kf1 Rg8 43. Kf2 Rc8 44. Ke1 Kf6 45. Kd1 Bf8 46. Kd2 Bd6 47. Bf1 Ke7 48. Rf2 Kf6 49. Nb3 Ke7 50. b5 axb5 51. Bxb5 Ra8 52. Ke3 Bc7 53. Ra2 d4+ 54. Kxd4 Bxf4 55. a6 Rd8+ 56. Kc5 Bd5 57. c4 Ba8 58. a7 Be3+ 59. Kb4 Kd6 60. c5+ Kc7 61. Ra1 f4 62. h4 f3 63. h5 f2 64. Bf1 Bf3 65. Kc3 f5 66. Ra6 Rd1 67. Be2 Rd8 68. Bf1 Rd1 69. c6 Bxa7 70. Rxa7+ Kxc6 71. Ra6+ Kd7 72. Nc5+ Ke7 73. Rxe6+ Kf7 74. Ba6 Rc1+ 75. Kd4 Rxc5 76. Kxc5 Kxe6 77. h6 Kf6 78. Kd4 Bg2 79. h7 Kg7 80. Ke5 Bh3 81. h8=Q+ Kxh8 82. Kf6 Kh7 83. Kg5 Kg7 84. Bc4 Kf8 85. Kf6 Ke8 86. Ke6 Kd8 87. Be2 f4+ 0-1

[Event "2026 European Womens Championship"]
[Site "Batumi, GE"]
[Date "2026.06.04"]
[Round "10"]
[White "Toncheva, Nadya"]
[Black "Efroimski, Marsel"]
[Result "1-0"]
[Board "10"]
[TimeControl "5400+30"]
[WhiteFideId "2924056"]
[BlackFideId "2810964"]
[WhiteElo "2320"]
[BlackElo "2386"]
[WhiteTitle "WGM"]
[BlackTitle "IM"]
[WhiteClock "0:19:14"]
[BlackClock "0:20:59"]
[Variant "Standard"]

1. d4 d5 2. c4 e6 3. Nc3 Nf6 4. cxd5 exd5 5. Bg5 Be7 6. e3 O-O 7. Bd3 h6 8. Bh4 Re8 9. Nge2 c6 10. O-O a5 11. Qc2 Na6 12. a3 b5 13. f3 Nc7 14. Kh1 Bd7 15. Bf2 Qb8 16. e4 Rf8 17. e5 Nfe8 18. g4 Qb7 19. Ng3 Kh8 20. Be3 f6 21. Qd2 fxe5 22. dxe5 c5 23. Bxh6 Ra6 24. Bg5 Bxg5 25. Qxg5 c4 26. Bg6 Kg8 27. Qh5 Rxg6 28. Qxg6 b4 29. axb4 axb4 30. Nce2 Nb5 31. Nf5 Bxf5 32. gxf5 Qe7 33. Ng3 c3 34. bxc3 bxc3 35. Nh5 Nd4 36. f6 Qxe5 37. Ra7 Rxf6 38. Nxf6+ Qxf6 39. Qxe8+ Kh7 40. Qh5+ 1-0

[Event "2026 European Womens Championship"]
[Site "Batumi, GE"]
[Date "2026.06.04"]
[Round "10"]
[White "Beydullayeva, Govhar"]
[Black "Zherebtsova, Alexandra"]
[Result "1-0"]
[Board "11"]
[TimeControl "5400+30"]
[WhiteFideId "13413015"]
[BlackFideId "24129518"]
[WhiteElo "2368"]
[BlackElo "2242"]
[WhiteTitle "WGM"]
[BlackTitle "FM"]
[WhiteClock "0:13:07"]
[BlackClock "0:00:59"]
[Variant "Standard"]

1. d4 d5 2. c4 c6 3. Nf3 Nf6 4. e3 e6 5. b3 Nbd7 6. Bb2 b6 7. Bd3 Bd6 8. Nbd2 Bb7 9. Qe2 O-O 10. e4 dxe4 11. Nxe4 Bb4+ 12. Kf1 Be7 13. Neg5 c5 14. Rd1 h6 15. h4 cxd4 16. Bxd4 Re8 17. Bg6 hxg5 18. Bxf7+ Kxf7 19. Nxg5+ Kg8 20. Qxe6+ Kh8 21. Nf7+ Kh7 22. Nxd8 Raxd8 23. h5 Nf8 24. Qf7 Ne6 25. h6 1-0

[Event "2026 European Womens Championship"]
[Site "Batumi, GE"]
[Date "2026.06.04"]
[Round "10"]
[White "Olde, Margareth"]
[Black "Mkrtchian, Lilit"]
[Result "1-0"]
[Board "12"]
[TimeControl "5400+30"]
[WhiteFideId "4503082"]
[BlackFideId "13300601"]
[WhiteElo "2194"]
[BlackElo "2366"]
[WhiteTitle "WIM"]
[BlackTitle "IM"]
[WhiteClock "0:01:16"]
[BlackClock "0:30:30"]
[Variant "Standard"]

1. d4 d6 2. e4 Nf6 3. Nc3 e5 4. Nf3 Nbd7 5. Bc4 Be7 6. O-O O-O 7. a4 exd4 8. Nxd4 Ne5 9. Bb3 c5 10. Nde2 a6 11. Ng3 Be6 12. Bd5 Qd7 13. Kh1 Nc6 14. Nce2 Rfe8 15. b3 Nb4 16. c4 Bxd5 17. cxd5 Bf8 18. Nc3 g6 19. Bb2 Bg7 20. Qd2 Rac8 21. f3 c4 22. Nd1 a5 23. bxc4 Rxc4 24. Ne3 Rc7 25. Rac1 Rxc1 26. Rxc1 Rc8 27. Rxc8+ Qxc8 28. h3 Ne8 29. Bxg7 Nxg7 30. Qd4 h5 31. e5 dxe5 32. Qxe5 Qe8 33. Qd4 f5 1-0

[Event "2026 European Womens Championship"]
[Site "Batumi, GE"]
[Date "2026.06.04"]
[Round "10"]
[White "Mkrtchyan, Mariam"]
[Black "Zimina, Olga"]
[Result "0-1"]
[Board "13"]
[TimeControl "5400+30"]
[WhiteFideId "13310828"]
[BlackFideId "4132190"]
[WhiteElo "2365"]
[BlackElo "2290"]
[WhiteTitle "WGM"]
[BlackTitle "IM"]
[WhiteClock "0:08:16"]
[BlackClock "0:10:47"]
[Variant "Standard"]

1. e4 c5 2. Nc3 Nc6 3. Nf3 Nf6 4. Bb5 Nd4 5. e5 Nxb5 6. Nxb5 Nd5 7. c4 Nc7 8. Nc3 d5 9. exd6 Qxd6 10. O-O Bg4 11. h3 Bh5 12. Qa4+ Qd7 13. Qxd7+ Kxd7 14. g4 Bg6 15. d4 cxd4 16. Rd1 Re8 17. Nxd4 Kc8 18. Ndb5 Nxb5 19. cxb5 h5 20. Be3 Kb8 21. Rd7 e6 22. a3 hxg4 23. hxg4 f6 24. Rad1 Rc8 25. f3 Bc2 26. Rc1 Bb3 27. Ne4 Rxc1+ 28. Bxc1 Bd5 29. Bf4+ Kc8 30. Rc7+ Kd8 31. Rc3 Bxe4 32. fxe4 Rh4 33. Rg3 Bc5+ 34. Kg2 g5 35. Rd3+ Ke7 36. Bg3 Rxg4 37. Kf3 f5 38. exf5 Rc4 39. fxe6 g4+ 40. Ke2 Kxe6 41. Rd2 Re4+ 42. Kf1 Re3 43. Kg2 Rb3 44. Bf2 Bxf2 45. Kxf2 Rxb5 46. Kg3 Rd5 47. Re2+ Kf5 48. Re3 a5 49. a4 Rd4 50. b3 Rb4 51. Kg2 Kf4 52. Kf2 b6 53. Rc3 Ke4 54. Ke2 Kd5 55. Rd3+ Rd4 56. Rc3 Re4+ 57. Kf2 Rf4+ 58. Ke2 Rf3 59. Rc4 Rxb3 60. Rxg4 Rb4 61. Rg5+ Kc4 62. Rg6 Kb3 63. Kd3 Kxa4 64. Kc3 b5 65. Rg1 Rb3+ 66. Kc2 Kb4 67. Rg4+ Ka3 68. Rg5 a4 69. Rg1 Rb2+ 70. Kc1 b4 71. Rg3+ Ka2 72. Rg4 a3 73. Rg3 Rh2 0-1

[Event "2026 European Womens Championship"]
[Site "Batumi, GE"]
[Date "2026.06.04"]
[Round "10"]
[White "Kobak, Polina"]
[Black "Bivol, Alina"]
[Result "1/2-1/2"]
[Board "14"]
[TimeControl "5400+30"]
[WhiteFideId "24269727"]
[BlackFideId "4100123"]
[WhiteElo "1986"]
[BlackElo "2361"]
[WhiteTitle "WFM"]
[BlackTitle "IM"]
[WhiteClock "0:03:48"]
[BlackClock "0:01:57"]
[Variant "Standard"]

1. d4 d6 2. e4 Nf6 3. Nc3 e5 4. Nf3 Nbd7 5. Bc4 Be7 6. a4 c6 7. Ba2 O-O 8. O-O h6 9. Re1 Re8 10. Be3 Bf8 11. h3 b6 12. Nd2 Bb7 13. Nf1 a6 14. d5 b5 15. dxc6 Bxc6 16. Ng3 Nc5 17. axb5 axb5 18. f3 Qc8 19. Qd2 Qb7 20. Nf5 Red8 21. Nd5 Nxd5 22. Bxd5 Rac8 23. Ra5 Bxd5 24. Qxd5 Qxd5 25. exd5 Rb8 26. b3 Nd7 27. Rd1 Nf6 28. Bc1 Rdc8 29. Ne3 g6 30. Ba3 h5 31. Kf2 Ra8 32. Rxa8 Rxa8 33. Bb4 Be7 34. c4 bxc4 35. bxc4 Ra4 36. Bc3 Nd7 37. Ra1 Rxa1 38. Bxa1 Kf8 39. Bc3 Ke8 40. Ke2 Nc5 41. Nc2 Kd7 42. Nb4 Na4 43. Kd3 Bh4 44. Nc6 Bf6 45. Kc2 Nxc3 46. Kxc3 e4+ 47. Kc2 exf3 48. gxf3 Bh4 49. Kd3 Kc7 50. Ke4 Kb6 51. Ke3 Bf6 52. Nb8 Kc7 53. Nc6 Bg7 54. Ne7 Kd7 55. Nc6 f5 56. Nb4 g5 57. Nc2 Bb2 58. Ke2 Ke7 59. Nb4 Kf6 60. Nd3 Bd4 61. Kf1 g4 62. fxg4 hxg4 63. hxg4 fxg4 64. Kg2 Kg5 65. Kg3 Kf5 66. Nb4 Be5+ 67. Kg2 Ke4 68. Nc6 Bf4 69. Nd8 Bg5 70. Ne6 Bh4 71. Ng7 Bf6 72. Ne6 Bh4 73. Ng7 Bf6 74. Ne6 Be5 75. Kf2 Kf5 76. Kg2 Ke4 77. Kf2 Kf5 78. Kg2 Ke4 79. Kf2 Kd3 80. c5 dxc5 81. Nxc5+ Kd4 82. Nd7 Kxd5 83. Nf6+ Bxf6 1/2-1/2

[Event "2026 European Womens Championship"]
[Site "Batumi, GE"]
[Date "2026.06.04"]
[Round "10"]
[White "Socko, Monika"]
[Black "Unuk, Laura"]
[Result "1/2-1/2"]
[Board "15"]
[TimeControl "5400+30"]
[WhiteFideId "1106619"]
[BlackFideId "14609215"]
[WhiteElo "2355"]
[BlackElo "2289"]
[WhiteTitle "GM"]
[BlackTitle "IM"]
[WhiteClock "0:09:20"]
[BlackClock "0:06:45"]
[Variant "Standard"]

1. e4 c6 2. d4 d5 3. exd5 cxd5 4. Nf3 Nc6 5. c3 e6 6. Bd3 Bd6 7. O-O Nge7 8. Re1 O-O 9. Nbd2 f6 10. c4 Kh8 11. Nb3 a5 12. Be3 Nb4 13. Bf1 a4 14. Nbd2 e5 15. dxe5 fxe5 16. a3 Nbc6 17. cxd5 Nxd5 18. Nc4 Nxe3 19. Rxe3 Bc5 20. Qxd8 Rxd8 21. Ree1 Rf8 22. Ncxe5 Nxe5 23. Rxe5 b6 24. Bc4 Bg4 25. Bd5 Rad8 26. Rae1 h6 27. h3 Bxf3 28. Bxf3 Rd2 29. R5e2 Rfd8 30. Bc6 R8d4 31. g3 g5 32. Kg2 Kg7 33. Bf3 Rd6 34. Bh5 R6d4 35. Be8 Kf8 36. Bb5 Kg7 37. Kf3 Kf6 38. Re6+ Kg7 39. R1e2 h5 40. R6e5 Kf6 41. Re6+ Kg7 42. Be8 h4 43. Bb5 Kf7 44. Re8 Kg7 45. Kg2 Rxe2 46. Rxe2 Kf6 47. Kf3 Kf5 48. Bc6 Rd3+ 49. Kg2 Rd4 50. Bf3 Kf6 51. Bg4 Bd6 52. Kf3 Bc5 53. Rc2 Rd3+ 54. Ke4 Rd4+ 55. Kf3 Rd3+ 56. Ke4 Rd4+ 1/2-1/2

[Event "2026 European Womens Championship"]
[Site "Batumi, GE"]
[Date "2026.06.04"]
[Round "10"]
[White "Hrebenshchykova, Yelyzaveta"]
[Black "Tsolakidou, Stavroula"]
[Result "0-1"]
[Board "16"]
[TimeControl "5400+30"]
[WhiteFideId "14159899"]
[BlackFideId "4264312"]
[WhiteElo "2309"]
[BlackElo "2455"]
[WhiteTitle "WGM"]
[BlackTitle "IM"]
[WhiteClock "0:08:12"]
[BlackClock "0:19:49"]
[Variant "Standard"]

1. e4 c5 2. Nf3 d6 3. d4 cxd4 4. Nxd4 Nf6 5. Nc3 a6 6. f4 e5 7. Nb3 Nc6 8. f5 d5 9. exd5 Nb4 10. Bd3 Nfxd5 11. O-O Be7 12. Qe2 Nxc3 13. bxc3 Nxd3 14. cxd3 O-O 15. Qxe5 Bf6 16. Qg3 Bxc3 17. Rb1 f6 18. Kh1 Be5 19. Qf3 Qc7 20. Ba3 Rd8 21. Rfc1 Qd7 22. d4 Bb8 23. Nc5 Qxf5 24. Nxb7 Qxf3 25. gxf3 Re8 26. Nd6 Bxd6 27. Bxd6 Be6 28. a3 Bd5 29. Kg2 Re3 30. Rf1 g5 31. Kg3 h5 32. h4 Rae8 33. hxg5 fxg5 34. Be5 Rf8 35. Rb6 Bxf3 36. Rf6 Rxf6 37. Bxf6 Be2+ 38. Kf2 Re6 39. Rc1 Rxf6+ 40. Kxe2 Kf7 41. Ke3 g4 42. d5 g3 43. Rh1 g2 44. Rg1 Rg6 45. Kf2 Ke7 46. Re1+ Kd6 47. Kg1 Kxd5 48. Re3 h4 49. a4 Rg4 50. a5 Kc4 51. Re6 h3 52. Rh6 Rg3 53. Rh5 Rf3 54. Rh4+ Kd5 0-1

[Event "2026 European Womens Championship"]
[Site "Batumi, GE"]
[Date "2026.06.04"]
[Round "10"]
[White "Krasteva, Beloslava"]
[Black "Buksa, Nataliya"]
[Result "1/2-1/2"]
[Board "17"]
[TimeControl "5400+30"]
[WhiteFideId "2922029"]
[BlackFideId "14123622"]
[WhiteElo "2285"]
[BlackElo "2392"]
[WhiteTitle "WGM"]
[BlackTitle "IM"]
[WhiteClock "0:22:40"]
[BlackClock "0:31:14"]
[Variant "Standard"]

1. d4 d5 2. Nf3 Nf6 3. e3 c5 4. dxc5 e6 5. b4 a5 6. c3 axb4 7. cxb4 b6 8. Bb5+ Bd7 9. Bxd7+ Qxd7 10. a4 bxc5 11. b5 Bd6 12. Bb2 Qc7 13. Nbd2 Nbd7 14. Qc2 h6 15. Bc3 O-O 16. O-O Ng4 17. h3 Nge5 18. a5 c4 19. b6 Qb7 20. Nd4 Nd3 21. Nb5 Bb8 22. e4 N7c5 23. exd5 exd5 24. Rfb1 Re8 25. Nf3 Qd7 26. Bd4 Ra6 27. Nc3 Ne6 28. Qa4 Qxa4 29. Rxa4 Nec5 30. Ra2 Nb3 31. Nxd5 Rxa5 32. Rxa5 Nxa5 33. Nc7 Rd8 34. Na6 Nb3 35. Bc3 Ndc1 36. Be5 Bxe5 37. Nxe5 c3 38. Nb4 Rb8 39. Nc4 Kf8 40. f3 Nd2 41. Rxc1 Nxc4 42. Rxc3 Nxb6 1/2-1/2